 Dungeon Crawl Stone Soup version 0.29-a0-780-g652cadfb38 (webtiles) character file.

Game seed: 11109924481064830672

19910 Gargoyl the Cleaver (level 12, -4/77 HPs)
             Began as a Gargoyle Berserker on July 2, 2022.
             Was an Elder of Trog.
             Killed from afar by an oklob plant (16 damage)
             ... with a splash of acid
             ... on level 3 of the Lair of Beasts.
             The game lasted 00:14:23 (14703 turns).

Gargoyl the Cleaver (Gargoyle Berserker)           Turns: 14703, Time: 00:14:23

Health: -4/77      AC:  9    Str: 22      XL:     12   Next: 74%
Magic:  19/19      EV: 14    Int:  7 (8)  God:    Trog [****..]
Gold:   715        SH:  5    Dex: 13      Spells: 11/11 levels left

rFire   + . .      SeeInvis .   k - +1 war axe (elec)
rCold   + . .      Faith    .   o - +0 buckler
rNeg    + . .      Spirit   .   v - +3 leather armour {rC+}
rPois   ∞          Reflect  .   C - +1 helmet
rElec   +          Harm     .   (no cloak)
rCorr   .          Rampage  .   m - +1 pair of gloves
Will    ++...      Rage     9%  b - +0 pair of boots
Stlth   ++........              (no amulet)
HPRegen 1.22/turn               h - ring of protection from fire
MPRegen 0.16/turn               n - ring of magical power

@: strong-willed, corroded, regenerating
A: sickness immunity, AC +8, negative energy resistance 1, electricity
resistance, torment resistance 1, petrification resistance, berserk 2,
deterioration 1, low MP 1
a: Renounce Religion, Berserk, Trog's Hand, Brothers in Arms


You were on level 3 of the Lair of Beasts.
You worshipped Trog.
Trog was greatly pleased with you.
You visited 2 branches of the dungeon, and saw 12 of its levels.

You collected 715 gold pieces.

Inventory:

Hand Weapons
 e - a +2 dagger of venom
 g - a +3 whip of draining
 k - a +1 war axe of electrocution (weapon)
Missiles
 s - 13 poisoned darts (quivered)
Armour
 b - a +0 pair of boots (worn)
 m - a +1 pair of gloves (worn)
 o - a +0 buckler (worn)
 v - a +3 leather armour of cold resistance (worn)
 C - a +1 helmet (worn)
Jewellery
 h - a ring of protection from fire (left hand)
 n - a ring of magical power (right hand)
 r - a +4 ring of protection
 B - a +4 ring of slaying
 E - a +4 ring of evasion
Wands
 l - a wand of flame (32)
 u - a wand of light (11)
 w - a wand of mindburst (9)
 D - a wand of iceblast (17)
Scrolls
 c - 5 scrolls of fear
 x - 3 scrolls of magic mapping
 y - 3 scrolls of teleportation
 A - 2 scrolls of poison
Potions
 a - 4 potions of might
 d - a potion of magic
 f - 2 potions of lignification
 i - 3 potions of curing
 j - a potion of heal wounds {unknown}
 p - a potion of flight
 q - 3 potions of attraction
 t - a potion of resistance
 z - 2 potions of haste
 F - a potion of invisibility
 G - a potion of cancellation
 H - 2 potions of mutation


   Skills:
 + Level 10.3 Fighting
 + Level 3.0 Short Blades
 + Level 12.9(13.0) Axes
 + Level 2.7(9.5) Maces & Flails
 + Level 0.7 Throwing
 + Level 6.8 Armour
 + Level 6.6 Dodging
 + Level 4.1 Stealth
 + Level 6.4 Shields
 + Level 0.9 Evocations


You had 11 spell levels left.
You didn't know any spells.
Your spell library was empty.

Dungeon Overview and Level Annotations

Branches:
Dungeon (9/15)             Temple (0/1) D:5            Lair (3/6) D:9
  Swamp: Lair:2-4    Shoals: Lair:2-4     Snake: Lair:2-4    Spider: Lair:2-4
    Orc: D:9-12

Altars:
Cheibriados
Makhleb
Wu Jian
Yredelemnul
The Shining One

Annotations:
Lair:3 exclusion: 3 oklob plants


Innate Abilities, Weirdness & Mutations

You are immune to sickness and miasma.
Your stone body is resilient. (AC +8)
You are immune to poison.
You resist negative energy. (rN+)
You are resistant to electric shocks. (rElec)
You are resistant to unholy torment.
You are immune to petrification.
You have an uncontrollable temper.
Your body sometimes deteriorates upon taking damage.
Your magical capacity is low. (-10% MP)


Message History

Unknown command.
You hit the oklob plant.
The oklob plant is lightly damaged.
You hit the plant.
Unknown command.
You slash the oklob plant!
The oklob plant is moderately damaged.
You hit the plant.
You hit the oklob plant but do no damage.
Lightning courses through the oklob plant!
The oklob plant is severely damaged.
You hit the plant but do no damage.
Unknown command.
You hit the oklob plant but do no damage.
The oklob plant is severely damaged.
You slash the plant!
A nearby plant withers and dies.
The oklob plant spits acid at you. The splash of acid misses you.
You hit the oklob plant but do no damage.
The oklob plant is severely damaged.
Unknown command.
You slash the oklob plant!
Lightning courses through the oklob plant!!
You destroy the oklob plant!
Trog accepts your kill.
Unknown command.
Unknown command.
The oklob plant spits acid at you. The splash of acid hits you!!
Your body deteriorates!
You feel dopey.
You see here a scroll of identify.
The oklob plant spits acid at you. The splash of acid hits you!!
The acid corrodes you! The oklob plant spits acid at you.
The splash of acid hits you!!
* * * LOW HITPOINT WARNING * * *
The acid corrodes you! The oklob plant spits acid at you.
The splash of acid hits you!
You die...

####### #?P$$P# #).:.$# #...@P#
#.).?.# #)$$.[# # ###P....#.# ###
#........# ######.# ###......# ##
###
##..#...######.....#####.######..
..........................P......
..P.###.......####..###.#PP......


You could see 3 oklob plants.

Vanquished Creatures
  2 hydras
  2 two-headed ogres
  An oklob plant (Lair:3)
  A cyclops (D:8)
  4 black mambas
  3 cane toads
  2 rime drakes
  8 komodo dragons
  A troll (D:9)
  5 polar bears
  Grinder (D:4)
  5 blink frogs (Lair:3)
  21 yaks
  A basilisk (Lair:3)
  Eustachio (D:6)
  Edmund (D:6)
  8 water moccasins
  2 acid dragons (D:9)
  2 orc warriors
  A sky beast (D:7)
  An ogre (D:5)
  4 centaurs
  24 wolves
  4 phantoms (D:6)
  A kobold brigand (D:9)
  3 bullfrogs
  A necrophage (D:8)
  2 scorpions
  7 wights (D:6)
  10 killer bees
  An electric eel (Lair:1)
  3 howler monkeys
  5 hounds
  2 boudas
  9 orc priests
  4 iguanas
  An iron imp (D:9)
  8 orc wizards
  7 gnolls
  7 adders
  2 shadow imps
  A white imp (D:7)
  An ufetubus (D:4)
  A worm (D:4)
  3 dart slugs
  20 orcs
  5 endoplasms
  5 giant cockroaches
  5 goblins
  5 hobgoblins
  4 jackals (D:5)
  13 kobolds
  8 quokkas
  6 ball pythons
  4 bats
  A frilled lizard (D:1)
  3 rats
263 creatures vanquished.

Vanquished Creatures (others)
  A kobold (D:9)
  17 fungi
  24 plants
42 creatures vanquished.

Grand Total: 305 creatures vanquished

Notes
Turn   | Place    | Note
-------+----------+-------------------------------------------
     0 | D:1      | Gargoyl the Gargoyle Berserker began the quest for the Orb.
     0 | D:1      | Reached XP level 1. HP: 14/14 MP: 1/1
   205 | D:1      | Found a faded altar of an unknown god.
   407 | D:1      | Reached XP level 2. HP: 19/19 MP: 2/2
   499 | D:1      | Reached skill level 3 in Axes
   935 | D:1      | Reached XP level 3. HP: 24/24 MP: 3/3
  1467 | D:2      | Reached skill level 1 in Maces & Flails
  1710 | D:2      | Reached XP level 4. HP: 29/29 MP: 4/4
  2245 | D:3      | Reached ** piety under Trog
  2550 | D:3      | Reached skill level 1 in Short Blades
  2553 | D:3      | Reached XP level 5. HP: 33/33 MP: 5/5
  2797 | D:4      | Noticed Grinder
  2809 | D:4      | Paralysed by Grinder for 2 turns
  2813 | D:4      | Killed Grinder
  2814 | D:4      | Reached skill level 1 in Stealth
  2814 | D:4      | Reached XP level 6. HP: 39/39 MP: 6/6
  3261 | D:4      | Found a glowing golden altar of the Shining One.
  3265 | D:4      | Found a basalt altar of Yredelemnul.
  3268 | D:4      | Noticed a profane servitor
  3781 | D:4      | Noticed an angel
  3811 | D:5      | Entered Level 5 of the Dungeon
  3920 | D:5      | Found a burning altar of Makhleb.
  4085 | D:5      | Found a staircase to the Ecumenical Temple.
  4094 | D:5      | Reached XP level 7. HP: 44/44 MP: 7/7
  4242 | D:5      | Reached skill level 4 in Axes
  4283 | D:5      | Gained mutation: You occasionally shout uncontrollably at
                  | your foes. [potion of mutation]
  4283 | D:5      | Gained mutation: Your spells are a little harder to cast,
                  | but a little more powerful. [potion of mutation]
  4283 | D:5      | Gained mutation: You are clumsy. (Dex -2) [potion of
                  | mutation]
  4283 | D:5      | Gained mutation: You have a somewhat thin skeletal
                  | structure. (Dex +2, Stealth+) [potion of mutation]
  4513 | D:5      | Lost mutation: You are clumsy. (Dex -2) [potion of
                  | mutation]
  4513 | D:5      | Lost mutation: You occasionally shout uncontrollably at
                  | your foes. [potion of mutation]
  4513 | D:5      | Gained mutation: You have large cloven feet. [potion of
                  | mutation]
  4513 | D:5      | Gained mutation: You have a pair of small antennae on your
                  | head. [potion of mutation]
  4519 | D:5      | Identified the +7 hand axe of Kuudytt {vorpal, Int+2}
  4647 | D:5      | Reached skill level 5 in Fighting
  5129 | D:6      | Noticed Edmund
  5152 | D:6      | Killed Edmund
  5153 | D:6      | Reached XP level 8. HP: 49/49 MP: 8/8
  5158 | D:6      | Reached skill level 5 in Axes
  5396 | D:6      | Reached skill level 5 in Armour
  5415 | D:6      | Reached skill level 6 in Axes
  6063 | D:6      | Reached XP level 9. HP: 44/55 MP: 9/9
  6158 | D:6      | Reached skill level 1 in Shields
  6345 | D:6      | Noticed Eustachio
  6363 | D:6      | Killed Eustachio
  6364 | D:6      | Reached skill level 7 in Axes
  7477 | D:7      | Reached skill level 8 in Axes
  7859 | D:8      | Noticed a cyclops
  7873 | D:8      | Killed a cyclops
  7874 | D:8      | Reached XP level 10. HP: 51/63 MP: 10/10
  8118 | D:8      | Noticed a two-headed ogre
  8127 | D:8      | Killed a two-headed ogre
  8128 | D:8      | Reached skill level 9 in Axes
  8723 | D:9      | Lost mutation: You have large cloven feet. [potion of
                  | mutation]
  8723 | D:9      | Lost mutation: Your spells are a little harder to cast, but
                  | a little more powerful. [potion of mutation]
  8723 | D:9      | Lost mutation: You have a somewhat thin skeletal structure.
                  | (Dex +2, Stealth+) [potion of mutation]
  8723 | D:9      | Gained mutation: Your body sometimes deteriorates upon
                  | taking damage. [potion of mutation]
  8723 | D:9      | Gained mutation: You are partially covered in iridescent
                  | scales. (AC +2) [potion of mutation]
  8733 | D:9      | Found a staircase to the Lair.
  8902 | D:9      | Lost mutation: You have a pair of small antennae on your
                  | head. [potion of mutation]
  8902 | D:9      | Lost mutation: You are partially covered in iridescent
                  | scales. (AC +2) [potion of mutation]
  8902 | D:9      | Gained mutation: Your magical capacity is low. (-10% MP)
                  | [potion of mutation]
  8902 | D:9      | Gained mutation: You sometimes lose your temper in combat.
                  | [potion of mutation]
  8902 | D:9      | Gained mutation: You have an uncontrollable temper. [potion
                  | of mutation]
  9085 | D:9      | Found an ornate altar of the Wu Jian Council.
  9147 | D:9      | Found a snail-covered altar of Cheibriados.
  9233 | D:9      | Noticed a two-headed ogre
  9242 | D:9      | Killed a two-headed ogre
  9242 | D:9      | Reached *** piety under Trog
  9243 | D:9      | Reached skill level 10 in Axes
  9508 | Lair:1   | Entered Level 1 of the Lair of Beasts
  9606 | Lair:1   | Noticed a seven-headed hydra
  9619 | Lair:1   | Killed a seven-headed hydra
  9620 | Lair:1   | Reached XP level 11. HP: 44/68 MP: 9/9
 10027 | Lair:1   | Reached skill level 11 in Axes
 10042 | Lair:1   | Reached skill level 5 in Dodging
 10271 | Lair:1   | Identified the +1 leather armour of Keg Yscho {rCorr Int-3
                  | SInv}
 11234 | Lair:2   | Reached skill level 5 in Shields
 12145 | Lair:2   | Reached skill level 12 in Axes
 12697 | Lair:2   | Reached XP level 12. HP: 67/76 MP: 10/10
 13693 | Lair:3   | Noticed a four-headed hydra
 13704 | Lair:3   | Killed a four-headed hydra
 14102 | Lair:3   | Reached **** piety under Trog
 14103 | Lair:3   | Reached skill level 10 in Fighting
 14703 | Lair:3   | Killed from afar by an oklob plant

Illustrated notes

Levels and vault maps discovered:
D:1:      roderic_octagonal_star, layout_basic,
          hellmonk_ecumenical_altar_pennies_from_heaven
D:2:      layout_loops_ring, chequers_serial_rivers_marsh
D:3:      layout_loops_ring, hangedman_abyss_or_decor_stabs
D:4:      layout_basic, grunt_temple_overflow_holy_war, uniq_grinder
D:5:      layout_basic, overflow_temple_1_default, temple_green,
          grunt_ministairs_9, corner_web_ring
D:6:      layout_loops_ring, minivault_27, uniq_edmund, uniq_eustachio
D:7:      layout_loops_ring
D:8:      layout_basic
D:9:      layout_long_grid, mainiacjoe_overflow_boulevard, slow_altar_1,
          lair_entry_dummy, supply_closet_lemuel, st_stairs_10
Lair:1:   layout_small_grid, nicolae_quartered_pool_impasse,
          infiniplex_staircase_pool_2, serial_bayou_shore_a
Lair:2:   layout_cave_pods, dreamdust_mushroom_princess, grunt_megastairs_5
Lair:3:   minmay_lair_oklob_chamber, layout_small_grid

Skill      XL: |  1  2  3  4  5  6  7  8  9 10 11 12 |
---------------+-------------------------------------+-----
Axes           | 3 4 6 8 10 12 | 12.9
Maces & Flails | 1 2 |  2.7
Fighting       | 4 5 6 7 8 9 10 | 10.3
Short Blades   | 1 2 3 |  3.0
Armour         | 3 4 5 6 |  6.8
Dodging        | 2 3 4 5 6 |  6.6
Stealth        | 1 2 3 4 |  4.1
Shields        | 3 4 5 6 |  6.4
Throwing       | |  0.7
Evocations     | |  0.9

Action                   |  1- 3 |  4- 6 |  7- 9 | 10-12 || total
-------------------------+-------+-------+-------+-------++-------
Melee: Hand axe          |    29 |       |    10 |       ||    39
       Whip              |    22 |       |       |    11 ||    33
       Dagger            |    29 |   109 |       |       ||   138
       Punch             |       |     2 |     3 |       ||     5
       War axe           |       |    28 |   242 |   465 ||   735
Throw: Dart              |       |       |     2 |     5 ||     7
Invok: Berserk           |     1 |     3 |     8 |     4 ||    16
       Trog's Hand       |       |     1 |     7 |     7 ||    15
Evoke: Wand              |       |       |       |     5 ||     5
  Use: Scroll            |     5 |     7 |     4 |     6 ||    22
       Potion            |       |       |     3 |     2 ||     5
 Stab: Sleeping          |       |       |     2 |       ||     2
Armor: Animal skin       |    25 |       |       |       ||    25
       Ring mail         |     8 |    74 |    69 |       ||   151
       Leather armour    |       |       |    57 |   251 ||   308
Dodge: Dodged            |    36 |    85 |   159 |   304 ||   584
Block: Buckler           |       |       |    47 |   145 ||   192

Table legend: (Time is in decaauts)
 A = Elapsed time spent in this place.
 B = Non-inter-level travel time spent in this place.
 C = Inter-level travel time spent in this place.
 D = Time resting spent in this place.
 E = Time spent auto-exploring this place.
 F = Levels seen in this place.
 G = Mean time per level.
                   A        B        C        D        E       F      G
               +--------+--------+--------+--------+--------+-----+--------+
         Total |  15078 |  14735 |    343 |   1293 |  10941 |  12 | 1256.5 |
       Dungeon |   9702 |   9398 |    304 |    744 |   6943 |   9 | 1078.0 |
          Lair |   5375 |   5337 |     38 |    548 |   3998 |   3 | 1791.7 |
               +--------+--------+--------+--------+--------+-----+--------+

Top non-repeatable levels by time:
     D:6: 1993 daAuts
  Lair:2: 1911 daAuts
  Lair:3: 1846 daAuts
  Lair:1: 1617 daAuts
     D:5: 1275 daAuts
     D:1: 1262 daAuts
     D:4: 1021 daAuts
     D:8: 890 daAuts
     D:7: 883 daAuts
     D:2: 857 daAuts
     D:9: 819 daAuts
     D:3: 699 daAuts
